AoeStats
← 86969829

Arena

507071194Analyzed
1v1 RM · 15d ago on Sep 16, 2026· 43m 3s· 2 players
Game mode
Random Map
Map size
Tiny (2 player)
Population
200
Speed
Normal
Resources
Standard
Victory
Conquest
Starting age
Dark Age
Ending age
Imperial Age
RankedLock teamsTeams togetherTeam positionsShared explorationLock speedFull tech treeHidden civsTurbo modeCheats
Victory
Defeat
🇦🇷 Burgundians · Argentina
942
+16
🇨🇳 Franks · China
951
-16
El conejo malo
6:20 Horse Collar
10:46 Feudal Age
14:28 Castle Age
12:22 Double-Bit Axe
14:36 Bow Saw
18:47 Heavy Plow
24:01 Two-Man Saw
23:33 Crop Rotation
23:35 Stone Mining
23:37 Gold Mining
23:50 Scale Mail Armor
26:01 Forging
25:43 Fletching
25:54 Padded Archer Armor
25:59 Scale Barding Armor
25:26 Pikeman
30:00 Imperial Age
28:58 Gold Shaft Mining
29:00 Stone Shaft Mining
28:46 Bodkin Arrow
29:06 Leather Archer Armor
29:07 Chain Mail Armor
30:14 Ballistics
31:43 Chemistry
30:41 Halberdier
31:22 Squires
32:03 Iron Casting
31:59 Plate Mail Armor
32:03 Burgundian Vineyards
32:41 Wheelbarrow
33:47 Conscription
34:05 Hand Cart
34:00 Bracer
35:25 Murder Holes
35:41 Fortified Wall
37:03 Blast Furnace
36:26 Chain Barding Armor
86969829
10:47 Feudal Age
16:31 Castle Age
15:09 Stone Mining
16:11 Double-Bit Axe
16:34 Scale Barding Armor
16:41 Forging
16:31 Gold Mining
17:34 Loom
22:18 Bow Saw
31:57 Imperial Age
30:06 Gold Shaft Mining
30:42 Wheelbarrow
30:42 Husbandry
31:11 #83
32:05 Chain Barding Armor
32:47 Iron Casting
32:12 Scale Mail Armor
32:07 Cavalier
34:13 Padded Archer Armor
34:04 Fletching
35:15 Hand Cart
37:05 Plate Barding Armor
36:40 Heavy Scorpion
37:04 Elite Throwing Axeman
39:09 Paladin
Connection lost

Rejoining the realm…

Still unreachable

The connection could not be restored.

Session expired

The server has moved on; the page needs a fresh start.